 Dungeon Crawl Stone Soup version 0.30.0-15-g856e2d3f33 (webtiles) character file.

Game seed: 17560436989099587588

11712 kaffeinatedkobold the Cleaver (level 11, -2/102 (105) HPs)
             Began as a Hill Orc Fighter on May 18, 2023.
             Was a High Priest of Beogh.
             Killed from afar by an orc sorcerer (13 damage)
             ... with a bolt of negative energy
             ... on level 2 of the Orcish Mines.
             The game lasted 02:12:57 (18006 turns).

kaffeinatedkobold the Cleaver (Hill Orc Fighter)   Turns: 18006, Time: 02:12:58

HP:   -2/102 (105)  AC: 14    Str: 24    XL:     11   Next: 82%
MP:   14/14         EV:  9    Int:  8    God:    Beogh [*****.]
Gold: 1234          SH: 11    Dex: 10    Spells: 10/10 levels left

rFire   + . .        o - +0 broad axe (flame)
rCold   . . .        i - +0 kite shield
rNeg    . . .        U - +4 ring mail {rPois}
rPois   +            Y - +0 helmet
rElec   .            m - +0 cloak
rCorr   .            M - +0 pair of gloves
SInv    .            W - +0 pair of boots
Will    +....        (no amulet) Stlth
                     P - ring of protection from fire
HPRegen 0.37/turn    B - ring of willpower
MPRegen 0.14/turn

%: no passive effects
@: lightly drained
A: walk on water
a: Renounce Religion, Smiting, Recall Orcish Followers, Give Item to Named
Follower


You were on level 2 of the Orcish Mines.
You worshipped Beogh.
Beogh was extremely pleased with you.
You visited 3 branches of the dungeon, and saw 15 of its levels.
You also visited: Sewer and Ossuary.

You collected 1234 gold pieces.

Inventory:

Hand Weapons
 f - the +10 falchion of the Demagogue {freeze, rElec}
   (You found it on level 12 of the Dungeon)

   rElec:     It insulates you from electricity.
 o - a +0 broad axe of flaming (weapon)
Missiles
 q - 28 stones
 u - a curare-tipped dart {=f}
 w - 8 poisoned darts
 D - 16 boomerangs (quivered)
 N - 6 javelins
Armour
 i - a +0 kite shield (worn)
 m - a +0 cloak (worn)
 M - a +0 pair of gloves (worn)
 U - a +4 ring mail of poison resistance (worn)
 W - a +0 pair of boots (worn)
 Y - a +0 helmet (worn)
Jewellery
 t - a ring of flight
 B - a ring of willpower (right hand)
 P - a ring of protection from fire (left hand)
Wands
 s - a wand of flame (18)
 C - a wand of mindburst (31)
 I - a wand of charming (8)
 K - a wand of iceblast (11)
 L - a wand of digging (12)
 S - a wand of light (6)
Scrolls
 b - 4 scrolls of poison {unknown}
 c - 2 scrolls of summoning {unknown}
 j - 3 scrolls of fear {unknown}
 k - 4 scrolls of blinking {@r4}
 n - 3 scrolls of fog {@r6}
 p - 2 scrolls of magic mapping {unknown}
 v - 5 scrolls of vulnerability {!r}
 y - a scroll of identify {@r1}
 A - a scroll of noise {unknown}
 F - 5 scrolls of teleportation {@r3}
 G - 4 scrolls of immolation {!r}
 Q - 2 scrolls of torment {unknown}
 V - 2 scrolls of enchant weapon {unknown}
Potions
 a - 2 potions of magic {unknown}
 d - 2 potions of might {@q4}
 e - 2 potions of curing {@q2}
 g - a potion of ambrosia {!q}
 h - 4 potions of brilliance {@q5}
 l - 3 potions of invisibility {unknown}
 r - 2 potions of lignification {unknown}
 x - 3 potions of heal wounds {unknown}
 R - 2 potions of mutation {unknown}
 T - 2 potions of flight {@q9}
 X - a potion of berserk rage {unknown}


   Skills:
 + Level 12.5 Fighting
 + Level 13.3 Axes
 + Level 4.8 Armour
 + Level 11.5 Shields
 - Level 4.0 Invocations
 - Level 4.0 Evocations


You had 10 spell levels left.
You didn't know any spells.
Your spell library contained the following spells:

 Spells                   Type           Power      Damage    Failure   Level
 Beastly Appendage        Tmut           0%         N/A       73%         1
 Necrotise                Necr           0%         1d4       73%         1
 Blink                    Tloc           0%         N/A       86%         2
 Cigotuvi's Dreadful Rot  Necr/Pois/Air  0%         N/A       86%         2
 Lesser Beckoning         Tloc           0%         N/A       86%         2
 Momentum Strike          Conj/Tloc      0%         3d8       86%         2
 Poisonous Vapours        Pois/Air       0%         N/A       86%         2
 Sublimation of Blood     Necr           0%         N/A       86%         2
 Wereblood                Tmut           0%         N/A       86%         2
 Call Canine Familiar     Summ           0%         N/A       97%         3
 Dazzling Flash           Conj/Hex       0%         N/A       97%         3
 Ignite Poison            Fire/Tmut/Pois 0%         N/A       97%         3
 Mephitic Cloud           Conj/Pois/Air  0%         N/A       97%         3
 Portal Projectile        Hex/Tloc       0%         N/A       97%         3
 Spider Form              Tmut/Pois      0%         N/A       97%         3
 Vampiric Draining        Necr           0%         2d6       97%         3
 Volatile Blastmotes      Fire/Tloc      0%         2d10      97%         3
 Animate Dead             Necr           0%         N/A       100%        4
 Iskenderun's Mystic Bla  Conj/Tloc      0%         2d3       100%        4
 Leda's Liquefaction      Hex/Erth       0%         N/A       100%        4
 Agony                    Necr           0%         N/A       100%        5
 Freezing Cloud           Conj/Ice/Air   0%         6-21      100%        5
 Starburst                Conj/Fire      0%         6d3       100%        6
 Summon Hydra             Summ           0%         N/A       100%        7
 Fire Storm               Conj/Fire      0%         5d1       100%        9


Dungeon Overview and Level Annotations

Branches:
Dungeon (12/15) Zot: 25298  Temple (1/1) D:6 Zot: 5713    Lair (0/5) D:10
    Orc (2/2) D:10 Zot: 10702     Elf (0/3) Orc:2         Sewer (visited)
Ossuary (visited)

Altars:
Ashenzari
Cheibriados
Dithmenos
Elyvilon
Fedhas
Gozag
Hepliaklqana
Kikubaaqudgha
Makhleb
Nemelex Xobeh
Okawaru
Qazlal
Ru
Sif Muna
Trog
Uskayaw
Vehumet
Wu Jian
Xom
Yredelemnul
Zin
The Shining One

Shops:
D:3 :

Annotations:
D:5 2 transporters, monsoonserge's ghost, novice MeFi
D:8 Gastronok
D:11 3 runed translucent doors, sasquatch's ghost, novice DjFE


Message History

You burn the orc high priest.
The orc high priest is severely wounded.
You hit the orc warrior. You burn the orc warrior.
The sixfirhy closely misses your orc warrior.
The sixfirhy hits your orc warrior but does no damage.
The sixfirhy barely misses your orc warrior.
Your orc warrior hits the sixfirhy with a +0 broad axe!!
The sixfirhy dies!
The sixfirhy disappears in a puff of smoke!
Your orc warrior hits the orc warrior with a +0 broad axe. x2
Your orc warrior hits the orc high priest with a +0 broad axe!
Your orc hits the orc wizard with a +0 short sword.
The orc warrior barely misses you.
Your orc warrior hits the orc high priest with a +0 trident!
The orc high priest dies!
Beogh accepts your kill.
Beogh appreciates your killing of a heretic priest.
Beogh blesses your orc warrior with healing.
The ice devil disappears in a puff of smoke!
Your orc warrior looks more experienced.
The orc wizard casts a spell.
The orc wizard flickers and vanishes!
Deactivating autopickup; reactivate with Ctrl-A.
Your orc priest barely misses something.
The orc priest calls upon Beogh to heal the orc warrior.
The orc priest calls down the wrath of Beogh upon you.
Beogh smites you!
* * * LOW HITPOINT WARNING * * *
The orc sorcerer gestures at you while chanting.
The bolt of negative energy hits the orc wizard!!
The orc wizard is drained!
The orc wizard dies!
The bolt of negative energy hits your orc warrior!!
Your orc warrior is drained!
Your orc warrior dies!
The bolt of negative energy hits you!
You feel drained.
You die...
Beogh appreciates the orc sorcerer's killing of a heretic priest.

..#....###..### #
....o..##†....## ..##
..#.#..........###..$#.
o.###..........#.#......
.#.#........#.#...#.....
........................
##.##...........#.....
.######......)...##<###.
..#...........o.@o......
..............oo)o......
.........######)o§######
........# .4o3oo.
.......# ..oo.4.o...
.......# ....{#####)....
#......# ....o o....
.......# ....# #....
.......# ...# #...


You could see an orc high priest, a hellwing (summoned), a sixfirhy (summoned),
an orc sorcerer, a red devil (summoned), 3 orc warriors, 4 orc priests, a
friendly orc knight (strong), a friendly orc warrior (strong), a friendly orc
priest and 2 friendly orcs.

Vanquished Creatures
  A boulder beetle (D:12)
  A two-headed ogre (D:11)
  2 ugly things (D:11)
  A cyclops (D:12)
  Joseph (D:7)
  A gargoyle (D:11)
  Maggie (D:7)
  A komodo dragon (D:12)
  2 trolls
  A slime creature (D:12)
  2 shadows
  A wyvern (D:9)
  3 wraiths
  2 yaks (D:10)
  Grum (D:9)
  A vampire mosquito (D:10)
  A warg (Orc:2)
  3 water moccasins
  An acid dragon (D:12)
  4 orc warriors
  A sky beast (D:7)
  A black bear (D:10)
  3 wolves (D:9)
  5 ogres
  4 centaurs
  2 kobold brigands
  2 scorpions
  3 bullfrogs
  A gnoll sergeant (D:9)
  2 killer bees (D:10)
  3 howler monkeys
  A crimson imp (D:4)
  2 centaur zombies (Ossuary)
  2 human zombies (Ossuary)
  6 hounds
  A quasit (D:5)
  2 jellies
  5 orc priests
  A gnoll bouda (D:6)
  Jessica (D:3)
  5 iguanas
  Ijyb (D:5)
  8 orc wizards
  2 mummies (Ossuary)
  16 gnolls
  13 adders
  6 river rats (Sewer)
  8 shadow imps
  4 white imps
  4 ufetubi
  A worm (D:2)
  2 dart slugs
  22 orcs
  8 endoplasms
  9 giant cockroaches
  9 goblins
  3 hobgoblins
  3 jackals (D:3)
  14 kobolds
  7 quokkas
  8 ball pythons
  9 bats
  14 frilled lizards
  5 gnoll zombies (Ossuary)
  4 hobgoblin zombies (Ossuary)
  An orc zombie (Ossuary)
  9 rats
274 creatures vanquished.

Vanquished Creatures (collateral kills)
  2 orc high priests (Orc:2)
  An orc knight (Orc:2)
  A deep elf pyromancer (D:12)
  A troll (Orc:2)
  3 slime creatures (D:12)
  2 wraiths (D:12)
  4 yaks (D:10)
  A basilisk (D:12)
  3 wargs (Orc:2)
  A water moccasin (D:10)
  4 orc warriors
  A centaur (D:10)
  A gnoll sergeant (D:10)
  A scorpion (D:10)
  4 killer bees (D:10)
  5 orc priests
  5 orc wizards
  6 orcs
46 creatures vanquished.

Vanquished Creatures (others)
  An orc knight (Orc:2)
  2 orc warriors
  8 orc priests
  6 orc wizards (Orc:2)
  17 orcs
  A jackal (D:9)
35 creatures vanquished.

Grand Total: 355 creatures vanquished

Notes
Turn   | Place    | Note
-------+----------+-------------------------------------------
     0 | D:1      | kaffeinatedkobold the Hill Orc Fighter began the quest for
                  | the Orb.
     0 | D:1      | Reached XP level 1. HP: 19/19 MP: 1/1
   237 | D:1      | Reached XP level 2. HP: 27/27 MP: 2/2
   354 | D:1      | Reached skill level 3 in Axes
   992 | D:1      | Reached XP level 3. HP: 33/33 MP: 3/3
  1235 | D:2      | Found a faded altar of an unknown god.
  1352 | D:2      | Got the Lectures on Calefaction and Malevolent Magic
  1506 | D:2      | Reached XP level 4. HP: 39/40 MP: 4/4
  2052 | D:3      | Noticed Jessica
  2078 | D:3      | Killed Jessica
  2079 | D:3      | Reached skill level 4 in Axes
  2147 | D:3      | Reached XP level 5. HP: 42/47 MP: 5/5
  2236 | D:3      | Found Aceseu's Book Emporium.
  2280 | D:3      | Reached skill level 1 in Invocations
  2577 | D:3      | Found a sparkling altar of Nemelex Xobeh.
  3205 | D:4      | Found a broken altar of Ashenzari.
  3666 | D:4      | Found the +7 Throatcutter {drain, coup de grace}
  3728 | D:4      | Found a radiant altar of Vehumet.
  3728 | D:4      | Found a burning altar of Makhleb.
  3746 | D:4      | Reached skill level 5 in Fighting
  3746 | D:4      | Reached XP level 6. HP: 56/56 MP: 7/7
  3791 | D:4      | Became a worshipper of Beogh the Brigand
  4437 | D:5      | Entered Level 5 of the Dungeon
  4449 | D:5      | Found a glowing drain.
  4482 | Sewer    | Entered a sewer
  4614 | Sewer    | Reached skill level 5 in Axes
  4718 | Sewer    | Reached * piety under Beogh
  4955 | D:5      | Reached skill level 5 in Shields
  4955 | D:5      | Reached XP level 7. HP: 39/62 MP: 9/9
  5203 | D:5      | Found a glowing golden altar of the Shining One.
  5211 | D:5      | Noticed Ijyb
  5235 | D:5      | Killed Ijyb
  6070 | D:5      | Found a transporter.
  6070 | D:5      | Noticed monsoonserge's ghost (novice MeFi)
  6131 | D:5      | Found a transporter.
  6234 | D:5      | Reached skill level 6 in Axes
  6462 | D:5      | Reached XP level 8. HP: 71/71 MP: 11/11
  6738 | D:6      | Reached ** piety under Beogh
  6745 | D:6      | Found a sand-covered staircase.
  6774 | Ossuary  | Entered an ossuary
  6847 | Ossuary  | Reached skill level 7 in Axes
  7183 | D:6      | Found a staircase to the Ecumenical Temple.
  7193 | Temple   | Entered the Ecumenical Temple
  8723 | D:7      | Noticed Maggie
  8926 | D:7      | Reached skill level 8 in Axes
  9117 | D:6      | Reached XP level 9. HP: 75/81 MP: 12/12
  9411 | D:7      | Noticed Joseph
  9742 | D:7      | Killed Maggie
  9743 | D:7      | Reached skill level 9 in Axes
 10009 | D:7      | Killed Joseph
 10368 | D:7      | Found a stormy altar of Qazlal.
 10485 | D:7      | Found a glowing silver altar of Zin.
 11013 | D:8      | Found a hide-covered altar of Uskayaw.
 11102 | D:8      | Found a bloodstained altar of Trog.
 11103 | D:8      | Found an iron altar of Okawaru.
 11104 | D:8      | Found a shimmering blue altar of Sif Muna.
 11106 | D:8      | Found an ancient bone altar of Kikubaaqudgha.
 11325 | D:8      | Noticed Gastronok
 12080 | D:9      | Reached *** piety under Beogh
 12240 | D:9      | Reached skill level 10 in Axes
 12809 | D:9      | Noticed Grum
 12816 | D:9      | Reached XP level 10. HP: 87/93 MP: 13/13
 12821 | D:9      | Killed Grum
 12822 | D:9      | Reached skill level 10 in Fighting
 12917 | D:10     | Entered Level 10 of the Dungeon
 12978 | D:10     | Gained Urtork as an ally
 12983 | D:10     | Reached skill level 11 in Axes
 13203 | D:10     | Reached **** piety under Beogh
 13400 | D:10     | Found a staircase to the Orcish Mines.
 13498 | D:10     | Reached skill level 10 in Shields
 13588 | D:10     | Reached skill level 1 in Evocations
 13766 | D:10     | Found a staircase to the Lair.
 13786 | D:10     | Identified a scroll of acquirement
 13786 | D:10     | Acquired the +3 lajatang of the Eternal Warrior {freeze,
                  | Will++ Dex-2}
 14090 | D:11     | Noticed a red ugly thing
 14091 | D:11     | Noticed a white ugly thing
 14096 | D:11     | Killed a red ugly thing
 14105 | D:11     | Killed a white ugly thing
 14106 | D:11     | Reached skill level 12 in Axes
 14106 | D:11     | Reached XP level 11. HP: 83/102 MP: 14/14
 14313 | D:11     | Noticed a two-headed ogre
 14319 | D:11     | Killed a two-headed ogre
 14605 | D:11     | Gained Bogfrid as an ally
 14779 | D:11     | Found a runed translucent gate.
 14779 | D:11     | Found a runed translucent gate.
 14779 | D:11     | Found a runed translucent gate.
 14780 | D:11     | Found an opulent altar of Gozag.
 14780 | D:11     | Noticed a fire dragon
 14780 | D:11     | Noticed a red ugly thing
 14780 | D:11     | Noticed sasquatch's ghost (novice DjFE)
 14780 | D:11     | Noticed a two-headed ogre
 15045 | D:12     | Noticed a cyclops
 15051 | D:12     | Killed a cyclops
 15315 | D:12     | Identified the +10 falchion of the Demagogue {freeze,
                  | rElec}
 16008 | D:12     | Noticed a boulder beetle
 16009 | D:12     | Your ally Urtork died
 16022 | D:12     | Killed a boulder beetle
 16200 | D:12     | Noticed a deep elf pyromancer
 16207 | D:12     | Killed a deep elf pyromancer
 16711 | Orc:1    | Entered Level 1 of the Orcish Mines
 17094 | Orc:2    | Entered Level 2 of the Orcish Mines
 17114 | Orc:2    | Reached skill level 13 in Axes
 17669 | Orc:2    | Found a staircase to the Elven Halls.
 17678 | Orc:2    | Noticed an orc knight
 17685 | Orc:2    | Reached ***** piety under Beogh
 17688 | Orc:2    | Killed an orc knight
 17989 | Orc:2    | Noticed an orc high priest
 17990 | Orc:2    | Noticed an orc sorcerer
 17991 | Orc:2    | Noticed a sixfirhy
 17992 | Orc:2    | Noticed a sun demon
 17992 | Orc:2    | Noticed an orc high priest
 17994 | Orc:2    | Noticed an orc high priest
 17997 | Orc:2    | HP: 4/105 [orc priest/divine providence (12)]
 17999 | Orc:2    | Noticed a sixfirhy
 17999 | Orc:2    | Your ally Bogfrid died
 17999 | Orc:2    | Noticed an orc high priest
 18001 | Orc:2    | Killed an orc high priest
 18002 | Orc:2    | Noticed a sixfirhy
 18003 | Orc:2    | HP: 8/105 [orc warrior/+0 flail (6)]
 18006 | Orc:2    | Killed an orc high priest
 18006 | Orc:2    | Killed from afar by an orc sorcerer

Illustrated notes

Levels and vault maps discovered:
D:1:      nicolae_arrival_washed_ashore, layout_loops_ring,
          chequers_serial_rivers_large_b, kennysheep_pointless_box
D:2:      layout_basic, dreamdust_ecumenical_altar_grove
D:3:      layout_loops_ring, lemuel_doored_altar, serial_shops, shop,
          bh_walls_and_bars, uniq_jessica
D:4:      layout_basic, grunt_temple_overflow_lords_of_destruction,
          ashenzari_altar_1, serial_bayou_lake_a
D:5:      layout_loops_corners, mainiacjoe_overflow_boulevard, serial_demonic,
          serial_demonic_b, serial_demonic_c, serial_demonic_a,
          serial_demonic_b, serial_demonic_e, serial_demonic_c,
          serial_demonic_g, gammafunk_ghost_stat_death, portal_sewer_entry_f,
          uniq_ijyb
D:6:      layout_rooms, temple_green, nicolae_ossuary_entry_monument,
          serial_co_window_serial, co_window_corner_a, co_window_corner_a,
          co_window_corner_a, co_window_paths_a, co_window_corner_a,
          co_window_corner_cb, co_window_cross_4, co_window_paths_c,
          co_window_corner_b, co_window_corner_b, co_window_broadway_c,
          co_window_unsneaky_path_e, co_window_paths_d, glass_columns_a,
          glass_columns_a, glass_columns_a, glass_columns_b
D:7:      layout_gridville, nicolae_qazlal_eye_of_the_storm,
          mainiacjoe_overflow_six_doors_small, uniq_joseph, uniq_maggie
D:8:      layout_loops_ring, mainiacjoe_overflow_alcove_3,
          eat_drink_and_be_merry_uskayaw, eino_tiny_chamber, uniq_gastronok
D:9:      layout_layer_cave, minmay_misc_feat_x, uniq_grum
D:10:     minmay_spotlight, layout_rooms, due_lair_maze_entry_diamond
D:11:     layout_basic, ebering_ghost_gozag
D:12:     layout_irregular_city
Temple:   dpeg_chambers_temple
Orc:1:    layout_caves
Orc:2:    st_orc_mages, layout_caves, special_room

Skill      XL: |  1  2  3  4  5  6  7  8  9 10 11 |
---------------+----------------------------------+-----
Axes           | 3 4 5 6 8 10 12 13 | 13.3
Fighting       | 4 5 6 8 9 11 12 | 12.5
Shields        | 4 5 7 9 10 11 | 11.5
Armour         | 4 |  4.8
Invocations    | 2 3 4 |  4.0
Evocations     | 2 4 |  4.0

Action                     |  1- 3 |  4- 6 |  7- 9 | 10-12 || total
---------------------------+-------+-------+-------+-------++-------
  Melee: War axe           |    56 |       |       |       ||    56
         Broad axe         |    44 |   263 |   536 |   262 ||  1105
  Throw: Stone             |     7 |    10 |    33 |     4 ||    54
         Boomerang         |       |       |       |     1 ||     1
 Invoke: Convert to Beogh  |       |     1 |       |       ||     1
         Recall Orcish Fol |       |       |       |    11 ||    11
    Use: Potion            |       |     1 |     5 |     4 ||    10
         Scroll            |       |       |    12 |     5 ||    17
   Stab: Distracted        |       |       |       |     1 ||     1
 Armour: Scale mail        |    36 |    18 |       |       ||    54
         Chain mail        |       |    95 |   238 |       ||   333
         Ring mail         |       |       |    79 |   115 ||   194
  Dodge: Dodged            |    44 |    89 |   191 |    80 ||   404
  Block: Buckler           |     7 |       |       |       ||     7
         Kite shield       |    31 |   117 |   267 |   143 ||   558
